 Dungeon Crawl Stone Soup version 0.27-a0-76-ga51d4ba9de (webtiles) character file.

Game seed: 8847076742312343751

4534 Bapho the Carver (level 10, -3/129 HPs)
             Began as a White Draconian Berserker on Jan 13, 2021.
             Was an Elder of Trog.
             Slain by a boulder beetle (28 damage)
             ... on level 8 of the Dungeon.
             The game lasted 00:17:51 (9081 turns).

Bapho the Carver (White Draconian Berserker)        Turns: 9081, Time: 00:17:51

Health: -3/129     AC:  9    Str: 25    XL:     10   Next: 17%
Magic:  10/10      EV: 15    Int:  8    God:    Trog [****..]
Gold:   494        SH:  0    Dex: 14    Spells: 9/9 levels left

rFire    . . .     SeeInvis .   a - +0 long sword (holy)
rCold    + . .     Faith    .   (no shield)
rNeg     . . .     Spirit   .   (armour unavailable)
rPois    .         Reflect  .   G - +0 hat
rElec    .         Harm     .   (no cloak)
rCorr    .         Rampage  .   g - +0 pair of gloves
Will     .....                  F - +0 pair of boots
Stlth    ..........             (no amulet)
HPRegen  0.31/turn              v - +6 ring of strength
MPRegen  0.12/turn              (no ring)

@: berserking, very quick
A: breathe frost, unfitting armour, cold resistance 1, cold-blooded, AC +7
a: Breathe Frost, Renounce Religion, Berserk, Trog's Hand, Brothers in Arms


You were on level 8 of the Dungeon.
You worshipped Trog.
Trog was greatly pleased with you.
You visited 1 branch of the dungeon, and saw 8 of its levels.

You collected 494 gold pieces.

Inventory:

Hand Weapons
 a - a +0 long sword of holy wrath (weapon)
 b - a +0 shortbow
 o - a +1 falchion
 H - a +0 long sword
Missiles
 r - 147 arrows
 s - 208 stones (quivered)
 C - 14 boomerangs
Armour
 g - a +0 pair of gloves (worn)
 F - a +0 pair of boots (worn)
 G - a +0 hat (worn)
Jewellery
 v - a +6 ring of strength (left hand)
Wands
 p - a wand of disintegration (16)
 x - a wand of random effects (20)
 z - a wand of iceblast (10)
 B - a wand of digging (7)
Scrolls
 d - a scroll of enchant armour
 f - 5 scrolls of teleportation
 h - 2 scrolls of amnesia
 j - 5 scrolls of noise
 k - a scroll of fog
 m - a scroll of blinking
 q - a scroll of magic mapping
 t - 3 scrolls of enchant weapon
 y - 4 scrolls of remove curse
 A - 2 scrolls of immolation
Potions
 c - 3 potions of might
 e - 3 potions of curing
 i - a potion of flight
 l - 3 potions of degeneration
 n - 3 potions of lignification
 u - a potion of ambrosia
 w - a potion of brilliance
 D - 2 potions of mutation
 E - a potion of heal wounds


   Skills:
 - Level 7.0 Fighting
 * Level 11.5 Long Blades
 + Level 4.9 Bows
 - Level 5.8 Dodging


You had 9 spell levels left.
You didn't know any spells.
Your spell library contained the following spells:

 Spells                   Type           Power        Failure   Level
 Magic Dart               Conj           0%           41%         1
 Blink                    Tloc           N/A          54%         2
 Call Imp                 Summ           0%           54%         2
 Slow                     Hex            0%           54%         2
 Conjure Flame            Conj/Fire      0%           78%         3
 Mephitic Cloud           Conj/Pois/Air  0%           78%         3


Dungeon Overview and Level Annotations

Branches:
Dungeon (8/15)             Temple (0/1) D:6
   Lair: D:8-11

Altars:
Ashenzari
Dithmenos
Qazlal
Trog
Vehumet
Yredelemnul
Zin

Shops:
D:8 (


Innate Abilities, Weirdness & Mutations

You can breathe waves of freezing cold.
You can buffet flying creatures when you breathe cold.
Your icy white scales are hard. (AC +7)
You cannot fit into any form of body armour.
Your flesh is cold resistant. (rC+)
You are cold-blooded and may be slowed by cold attacks.


Message History

The boulder beetle curls into a ball and begins rolling!
You shoot an arrow. The arrow hits the boulder beetle!
The boulder beetle is lightly wounded.
You shoot an arrow.
The arrow hits the boulder beetle but does no damage.
The boulder beetle is lightly wounded.
Your +0 long sword of holy wrath softly glows with a divine radiance!
a - a +0 long sword of holy wrath (weapon)
A giant cockroach comes into view.
The boulder beetle hits you!!!
Ouch! That really hurt!
The boulder beetle stops rolling and uncurls.
A red film seems to cover your vision as you go berserk!
You feel yourself moving faster!
You feel mighty! The boulder beetle bites you!!
* * * LOW HITPOINT WARNING * * *
You slash the boulder beetle!
The boulder beetle is moderately wounded.
The boulder beetle bites you!!
You die...

#.......##........##..#
####....##.....#####...
#...........#.......
#...........#.(.....
#..........>'.......
#...........#.....#.
#.........))[.......
###........#.).......
#...@###.............
#...B...#.............
#................###...
#....(...........'.....
#(..B.......#....###...
##..........#....###...
#...............##....
#............#####....
........#........


You could see a boulder beetle and a giant cockroach.

Vanquished Creatures
  A two-headed ogre (D:8)
  Eustachio (D:5)
  Duvessa (D:5)
  An ice beast (D:8)
  4 orc warriors
  3 phantoms
  A sky beast (D:7)
  8 ogres
  3 centaurs
  A big kobold (D:8)
  Blork the orc (D:5)
  4 bullfrogs
  A gnoll sergeant (D:8)
  Dowan (D:5)
  3 scorpions (D:4)
  3 wights (D:6)
  2 howler monkeys (D:5)
  2 bullfrog zombies
  4 hounds
  A gnoll shaman (D:6)
  5 orc priests
  2 jellies (D:6)
  Ijyb (D:3)
  An iguana (D:7)
  A worker ant (D:4)
  7 orc wizards
  13 gnolls
  7 adders
  A white imp (D:6)
  An ufetubus (D:5)
  2 oozes
  An adder zombie (D:8)
  A worm (D:3)
  4 dart slugs
  5 leopard geckos
  24 orcs
  A ball python (D:3)
  4 giant cockroaches
  3 hobgoblins
  14 jackals
  A quokka (D:7)
  5 bats
  7 frilled lizards
  12 goblins
  2 jackal skeletons
  5 kobolds
  2 leopard gecko skeletons
  6 rats
184 creatures vanquished.

Notes
Turn   | Place    | Note
-------+----------+-------------------------------------------
     0 | D:1      | Bapho the Draconian Berserker began the quest for the Orb.
     0 | D:1      | Reached XP level 1. HP: 19/19 MP: 1/1
   135 | D:1      | Reached XP level 2. HP: 26/26 MP: 2/2
   653 | D:2      | Reached XP level 3. HP: 30/31 MP: 3/3
   695 | D:2      | Reached ** piety under Trog
  1185 | D:3      | Found a radiant altar of Vehumet.
  1423 | D:3      | Reached skill level 4 in Long Blades
  1423 | D:3      | Reached XP level 4. HP: 26/40 MP: 4/4
  1686 | D:3      | Found a bloodstained altar of Trog.
  1898 | D:3      | Noticed Ijyb
  1905 | D:3      | Killed Ijyb
  2110 | D:3      | Reached XP level 5. HP: 44/46 MP: 5/5
  2293 | D:4      | Noticed a phantom
  2319 | D:4      | Noticed an ogre
  2319 | D:4      | Noticed an orc warrior
  2320 | D:4      | Noticed an ogre
  2330 | D:4      | Killed an orc warrior
  2331 | D:4      | Reached skill level 5 in Long Blades
  2331 | D:4      | Killed an ogre
  2332 | D:4      | Reached XP level 6. HP: 55/55 MP: 6/6
  2411 | D:4      | Reached skill level 5 in Fighting
  2531 | D:4      | Reached skill level 6 in Long Blades
  2531 | D:4      | Your scales start taking on an icy white colour.
  2531 | D:4      | Reached XP level 7. HP: 61/61 MP: 7/7
  2531 | D:4      | Gained mutation: Your flesh is cold resistant. (rC+) [White
                  | Draconian growth]
  2584 | D:4      | Found a shadowy altar of Dithmenos.
  3593 | D:4      | Found a stormy altar of Qazlal.
  3654 | D:4      | Reached skill level 7 in Long Blades
  3838 | D:5      | Entered Level 5 of the Dungeon
  4064 | D:5      | Noticed Duvessa
  4066 | D:5      | Noticed Dowan
  4074 | D:5      | Killed Duvessa
  4075 | D:5      | Reached skill level 5 in Dodging
  4075 | D:5      | Reached XP level 8. HP: 70/70 MP: 8/8
  4077 | D:5      | Killed Dowan
  4221 | D:5      | Noticed Eustachio
  4246 | D:5      | Killed Eustachio
  4532 | D:5      | Reached *** piety under Trog
  4564 | D:5      | Found a glowing silver altar of Zin.
  4576 | D:5      | Noticed Blork the orc
  4592 | D:5      | Killed Blork the orc
  4593 | D:5      | Reached skill level 8 in Long Blades
  5931 | D:6      | Found a broken altar of Ashenzari.
  6473 | D:6      | Reached skill level 9 in Long Blades
  6473 | D:6      | Reached skill level 1 in Bows
  6485 | D:6      | Reached XP level 9. HP: 76/78 MP: 9/9
  6605 | D:6      | Found a staircase to the Ecumenical Temple.
  6824 | D:7      | Reached **** piety under Trog
  7416 | D:7      | Reached skill level 10 in Long Blades
  8034 | D:8      | Found Mumesotu's Weapon Shop.
  8553 | D:8      | Found a basalt altar of Yredelemnul.
  8689 | D:8      | Reached skill level 11 in Long Blades
  8842 | D:8      | Noticed a two-headed ogre
  8848 | D:8      | Killed a two-headed ogre
  8849 | D:8      | Reached XP level 10. HP: 86/86 MP: 10/10
  9075 | D:8      | Noticed a boulder beetle
  9081 | D:8      | Slain by a boulder beetle

Illustrated notes

Levels and vault maps discovered:
D:1:      saegor_arrival_simple_e, layout_basic
D:2:      layout_rooms
D:3:      layout_loops_cross, bloody_trog, vehumet_crystals, corner_web_ring,
          lemuel_flame_loot_1, uniq_ijyb
D:4:      layout_cave_pools, grunt_dithmenos_smoke_and_mirrors,
          grunt_qazlal_clouds
D:5:      layout_basic, kennysheep_mini_moat, uniq_eustachio,
          uniq_blork_the_orc, uniq_duvessa
D:6:      layout_basic, kennysheep_mini, minmay_temple_entry_purple_smoke
D:7:      minmay_general_purpose_star, layout_loops_cross
D:8:      layout_basic, kennysheep_little_box, serial_shops, shop

Skill      XL: |  1  2  3  4  5  6  7  8  9 |
---------------+----------------------------+-----
Dodging        | 3 4 5 |  5.8
Long Blades    | 4 5 6 7 9 11 | 11.5
Fighting       | 4 5 6 7 |  7.0
Bows           | 1 4 |  4.9

Action                   |  1- 3 |  4- 6 |  7- 9 | 10-12 || total
-------------------------+-------+-------+-------+-------++-------
Melee: Falchion          |    61 |    53 |    98 |       ||   212
       Tailslap          |     6 |     9 |    80 |     2 ||    97
       Long sword        |       |       |   255 |    18 ||   273
 Fire: Shortbow          |       |       |   138 |    17 ||   155
Throw: Boomerang         |     5 |    34 |     2 |       ||    41
       Stone             |       |       |    95 |     1 ||    96
Invok: Berserk           |     2 |     4 |    12 |     2 ||    20
 Abil: Breathe Frost     |       |       |     2 |       ||     2
  Use: Scroll            |     8 |       |    12 |       ||    20
 Stab: Sleeping          |     1 |       |       |       ||     1
Armor: Skin              |    15 |     9 |    88 |    13 ||   125
Dodge: Dodged            |    38 |    39 |   252 |    21 ||   350
       Rpst.: Falchion   |    15 |    14 |    17 |       ||    46
       Long sword        |       |       |    54 |     3 ||    57

Table legend: (Time is in decaauts)
 A = Elapsed time spent in this place.
 B = Non-inter-level travel time spent in this place.
 C = Inter-level travel time spent in this place.
 D = Time resting spent in this place.
 E = Time spent auto-exploring this place.
 F = Levels seen in this place.
 G = Mean time per level.
                   A        B        C        D        E       F      G
               +--------+--------+--------+--------+--------+-----+--------+
         Total |   9256 |   9038 |    218 |   2379 |   5255 |   8 | 1157.0 |
       Dungeon |   9256 |   9038 |    218 |   2379 |   5255 |   8 | 1157.0 |
               +--------+--------+--------+--------+--------+-----+--------+

Top non-repeatable levels by time:
     D:6: 1620 daAuts
     D:5: 1393 daAuts
     D:3: 1387 daAuts
     D:4: 1351 daAuts
     D:7: 1184 daAuts
     D:8: 1120 daAuts
     D:1: 627 daAuts
     D:2: 569 daAuts
